TOP OF THE 1ST |
Pawtucket Red Sox batting - Pitching for Fresno Grizzlies : RHP Andy Harrigan
|
Pitching: RHP Andy Harrigan
|
|
Batting: RHB Sal Rivera
|
0-0: Swinging Strike 0-1: Swinging Strike 0-2: Ball 1-2: Ball 2-2: Fly out, F7 (Flyball, 7D, EV 90.0 MPH)
|
Batting: RHB Brandon Perris
|
0-0: Ball 1-0: Ball 2-0: Ball 3-0: Base on Balls
|
Batting: SHB Ben Ervin
|
0-0: Ball 1-0: SINGLE (Groundball, 34, EV 102.5 MPH) Brandon Perris to second Runner from 2nd tries for 3rd, SAFE, throw by RF made to third
|
Batting: RHB Ernie Genier
|
0-0: Ball 1-0: Swinging Strike 1-1: Called Strike 1-2: Ball 2-2: Foul Ball, location: 2F 2-2: Foul Ball, location: 2F 2-2: Strikes out looking
|
Batting: RHB John Chiesa
|
0-0: Ball 1-0: Swinging Strike 1-1: Swinging Strike 1-2: Foul Ball, location: 2F 1-2: Ball 2-2: Foul Ball, location: 2F 2-2: Fly out, F8 (Flyball, 8RXD, EV 103.8 MPH)
|
Top of the 1st over - 0 runs, 1 hit, 0 errors, 2 left on base; Pawtucket 0 - Fresno 0 |
BOTTOM OF THE 1ST |
Fresno Grizzlies batting - Pitching for Pawtucket Red Sox : RHP Andy Garvin
|
Pitching: RHP Andy Garvin
|
|
Batting: SHB Bryan Johnston
|
0-0: Swinging Strike 0-1: Ball 1-1: Swinging Strike 1-2: Strikes out looking
|
Batting: LHB Mark Dearth
|
0-0: Ball 1-0: Ball 2-0: SINGLE (Groundball, 6, EV 99.4 MPH)
|
Batting: RHB Elijah Hunter
|
0-0: Called Strike 0-1: Ball 1-1: Foul Ball, location: 2F 1-2: Strikes out swinging
|
Batting: LHB Angelo Vasquez
|
0-0: Ball 1-0: Ball 2-0: Called Strike 2-1: Fly out, F9 (Flyball, 9LM, EV 99.4 MPH)
|
Bottom of the 1st over - 0 runs, 1 hit, 0 errors, 1 left on base; Pawtucket 0 - Fresno 0 |
TOP OF THE 2ND |
Pawtucket Red Sox batting - Pitching for Fresno Grizzlies : RHP Andy Harrigan
|
Batting: RHB Joe Sandoval
|
0-0: Ball 1-0: Called Strike 1-1: Ball 2-1: SINGLE (Groundball, 6MD, EV 100.6 MPH)
|
Batting: RHB Neil Mautone
|
0-0: Ball 1-0: Foul Ball, location: 2F 1-1: Swinging Strike 1-2: Ball 2-2: Foul Ball, location: 2F 2-2: SINGLE (Line Drive, 7LS, EV 89.4 MPH) Joe Sandoval to second
|
Batting: RHB Andy Garvin
|
0-0: Ball 1-0: Ball 2-0: Called Strike 2-1: Called Strike 2-2: Ball 3-2: Base on Balls Joe Sandoval to third Neil Mautone to second
|
Batting: RHB David Norum
|
0-0: SINGLE (Line Drive, 56D, EV 98.1 MPH) Joe Sandoval scores Neil Mautone to third Andy Garvin to second Runner from 3rd tries for Home, throw by LF and OUT! 7-2
|
Batting: RHB Sal Rivera
|
0-0: Called Strike 0-1: SINGLE (Line Drive, 78S, EV 106.2 MPH) Andy Garvin to third David Norum to second Runner from 3rd tries for Home, SAFE, throw by CF to home
|
Batting: RHB Brandon Perris
|
0-0: Grounds into double play, 6-4-3 (Groundball, 6, EV 83.8 MPH)
|
Top of the 2nd over - 2 runs, 4 hits, 0 errors, 1 left on base; Pawtucket 2 - Fresno 0 |
BOTTOM OF THE 2ND |
Fresno Grizzlies batting - Pitching for Pawtucket Red Sox : RHP Andy Garvin
|
Batting: SHB Paskar Adegoke
|
0-0: Foul Ball, location: 2F 0-1: Ground out 3-1 (Groundball, 34, EV 88.1 MPH)
|
Batting: SHB Troy Kenyon
|
0-0: Ball 1-0: Called Strike 1-1: Called Strike 1-2: Foul Ball, location: 2F 1-2: Foul Ball, location: 2F 1-2: Ball 2-2: Foul Ball, location: 2F 2-2: Ball 3-2: Fly out, F8 (Flyball, 78M, EV 98.8 MPH)
|
Batting: RHB Marty King
|
0-0: Foul Ball, location: 2F 0-1: Ball 1-1: Foul Ball, location: 2F 1-2: Foul Ball, location: 2F 1-2: Ball 2-2: Ground out 5-3 (Groundball, 56, EV 83.1 MPH)
|
Bottom of the 2nd over - 0 runs, 0 hits, 0 errors, 0 left on base; Pawtucket 2 - Fresno 0 |
TOP OF THE 3RD |
Pawtucket Red Sox batting - Pitching for Fresno Grizzlies : RHP Andy Harrigan
|
Batting: SHB Ben Ervin
|
0-0: Ball 1-0: Fly out, F8 (Flyball, 8LD, EV 107.5 MPH)
|
Batting: RHB Ernie Genier
|
0-0: Foul Ball, location: 2F 0-1: Called Strike 0-2: Strikes out looking
|
Batting: RHB John Chiesa
|
0-0: Ball 1-0: Ball 2-0: Foul Ball, location: 2F 2-1: Ball 3-1: Base on Balls
|
Batting: RHB Joe Sandoval
|
0-0: Called Strike John Chiesa is caught stealing 2nd base 2-4
|
Top of the 3rd over - 0 runs, 0 hits, 0 errors, 0 left on base; Pawtucket 2 - Fresno 0 |
BOTTOM OF THE 3RD |
Fresno Grizzlies batting - Pitching for Pawtucket Red Sox : RHP Andy Garvin
|
Batting: RHB Dale Young
|
0-0: Ball 1-0: Ball 2-0: Ball 3-0: Called Strike 3-1: Base on Balls
|
Batting: RHB Xavier Castaneda
|
0-0: Called Strike 0-1: Called Strike 0-2: Fly out, F8 (Line Drive, 8RM, EV 87.5 MPH)
|
Batting: SHB Bryan Johnston
|
0-0: Ball 1-0: Ball Dale Young steals 2nd base 2-0: Ground out 5-3 (Groundball, 56, EV 99.4 MPH)
|
Batting: LHB Mark Dearth
|
0-0: Called Strike 0-1: Ball 1-1: Swinging Strike 1-2: Strikes out swinging
|
Bottom of the 3rd over - 0 runs, 0 hits, 0 errors, 1 left on base; Pawtucket 2 - Fresno 0 |
TOP OF THE 4TH |
Pawtucket Red Sox batting - Pitching for Fresno Grizzlies : RHP Andy Harrigan
|
Batting: RHB Joe Sandoval
|
0-0: Ball 1-0: Foul Ball, location: 2F 1-1: Ball 2-1: Called Strike 2-2: SINGLE (Line Drive, 78S, EV 96.2 MPH)
|
Batting: RHB Neil Mautone
|
0-0: Ball 1-0: Called Strike 1-1: Ball 2-1: Ball 3-1: Base on Balls Joe Sandoval to second
|
Batting: RHB Andy Garvin
|
0-0: SINGLE (Groundball, 4D, EV 99.4 MPH) Joe Sandoval to third Neil Mautone to second Runner from 3rd tries for Home, SAFE, throw by CF to home
|
Batting: RHB David Norum
|
0-0: Ball 1-0: Foul Ball, location: 2F 1-1: Ball 2-1: Ball 3-1: Foul Ball, location: 2F 3-2: Base on Balls Neil Mautone to third Andy Garvin to second
|
Batting: RHB Sal Rivera
|
0-0: Ball 1-0: Swinging Strike 1-1: Ball 2-1: Ball 3-1: Called Strike 3-2: Base on Balls Neil Mautone scores Andy Garvin to third David Norum to second
|
Batting: RHB Brandon Perris
|
0-0: Ball 1-0: Ball 2-0: Called Strike 2-1: Foul Ball, location: 2F 2-2: Foul Ball, location: 2F 2-2: Ball 3-2: Foul Ball, location: 2F 3-2: Strikes out swinging
|
Batting: SHB Ben Ervin
|
0-0: Ball 1-0: Swinging Strike 1-1: Ball Wild Pitch! Andy Garvin scores David Norum to third Sal Rivera to second 2-1: Swinging Strike 2-2: Fly out, F8 (Flyball, 78M, EV 84.4 MPH)
|
Pitching: RHP Jayson Campbell
|
|
Batting: RHB Ernie Genier
|
0-0: Called Strike 0-1: Ball 1-1: Fly out, F7 (Flyball, 78M, EV 95.6 MPH)
|
Top of the 4th over - 3 runs, 2 hits, 0 errors, 2 left on base; Pawtucket 5 - Fresno 0 |
BOTTOM OF THE 4TH |
Fresno Grizzlies batting - Pitching for Pawtucket Red Sox : RHP Andy Garvin
|
Batting: RHB Elijah Hunter
|
0-0: Swinging Strike 0-1: Called Strike 0-2: Strikes out swinging
|
Batting: LHB Angelo Vasquez
|
0-0: Ball 1-0: Ground out U3 (Groundball, 3, EV 80.6 MPH)
|
Batting: SHB Paskar Adegoke
|
0-0: Foul Ball, location: 2F 0-1: DOUBLE (Flyball, 7D, EV 80.6 MPH)
|
Batting: SHB Troy Kenyon
|
0-0: Called Strike 0-1: Foul Ball, location: 2F 0-2: Ball 1-2: Ball 2-2: Foul Ball, location: 2F 2-2: Foul Ball, location: 2F 2-2: Ball 3-2: Foul Ball, location: 2F 3-2: Base on Balls
|
Batting: RHB Marty King
|
0-0: Ball 1-0: Swinging Strike 1-1: Swinging Strike 1-2: Ball 2-2: Ball 3-2: Foul Ball, location: 2F 3-2: Base on Balls Paskar Adegoke to third Troy Kenyon to second
|
Batting: RHB Dale Young
|
0-0: Ball 1-0: Called Strike 1-1: Ball 2-1: Foul Ball, location: 2F 2-2: Ball 3-2: Fly out, F8 (Flyball, 8RD, EV 106.9 MPH)
|
Bottom of the 4th over - 0 runs, 1 hit, 0 errors, 3 left on base; Pawtucket 5 - Fresno 0 |
TOP OF THE 5TH |
Pawtucket Red Sox batting - Pitching for Fresno Grizzlies : RHP Jayson Campbell
|
Batting: RHB John Chiesa
|
0-0: SINGLE (Groundball, 6MD, EV 95.6 MPH)
|
Batting: RHB Joe Sandoval
|
0-0: Called Strike 0-1: Ball 1-1: Foul Ball, location: 2F 1-2: Ball 2-2: Ball 3-2: Fly out, F4 (Popup, 4MD, EV 49.4 MPH)
|
Batting: RHB Neil Mautone
|
0-0: Ball John Chiesa steals 2nd base 1-0: Swinging Strike 1-1: Foul Ball, location: 2F 1-2: Ball 2-2: Ground out 5-3 (Groundball, 5, EV 98.1 MPH)
|
Batting: RHB Andy Garvin
|
0-0: Swinging Strike 0-1: Ball 1-1: Called Strike 1-2: Ball 2-2: Strikes out looking
|
Top of the 5th over - 0 runs, 1 hit, 0 errors, 1 left on base; Pawtucket 5 - Fresno 0 |
BOTTOM OF THE 5TH |
Fresno Grizzlies batting - Pitching for Pawtucket Red Sox : RHP Andy Garvin
|
Batting: RHB Xavier Castaneda
|
0-0: Foul Ball, location: 2F 0-1: Called Strike 0-2: Foul Ball, location: 2F 0-2: Strikes out swinging
|
Batting: SHB Bryan Johnston
|
0-0: Ball 1-0: Foul Ball, location: 2F 1-1: Ball 2-1: Ground out 5-3 (Groundball, 56, EV 77.5 MPH)
|
Batting: LHB Mark Dearth
|
0-0: Ball 1-0: Foul Ball, location: 2F 1-1: Ball 2-1: Ball 3-1: Foul Ball, location: 2F 3-2: Base on Balls
|
Batting: RHB Elijah Hunter
|
0-0: Foul Ball, location: 2F 0-1: Foul Ball, location: 2F 0-2: Ball 1-2: Strikes out swinging
|
Bottom of the 5th over - 0 runs, 0 hits, 0 errors, 1 left on base; Pawtucket 5 - Fresno 0 |
TOP OF THE 6TH |
Pawtucket Red Sox batting - Pitching for Fresno Grizzlies : RHP Jayson Campbell
|
Batting: RHB David Norum
|
0-0: Called Strike 0-1: Swinging Strike 0-2: Foul Ball, location: 2F 0-2: SINGLE (Flyball, 4D, EV 82.5 MPH)
|
Batting: RHB Sal Rivera
|
0-0: Ball 1-0: Ball 2-0: Ball 3-0: Fly out, F5 (Popup, 25F, EV 86.9 MPH)
|
Batting: RHB Brandon Perris
|
0-0: Called Strike 0-1: Ball 1-1: Ball 2-1: Grounds into double play, 4-6-3 (Groundball, 4, EV 87.5 MPH)
|
Top of the 6th over - 0 runs, 1 hit, 0 errors, 0 left on base; Pawtucket 5 - Fresno 0 |
BOTTOM OF THE 6TH |
Fresno Grizzlies batting - Pitching for Pawtucket Red Sox : RHP Andy Garvin
|
Batting: LHB Angelo Vasquez
|
0-0: Fly out, F8 (Line Drive, 8LM, EV 90.6 MPH)
|
Pitching: RHP Mike Schroeder
|
|
Batting: SHB Paskar Adegoke
|
0-0: Ball 1-0: Fly out, F8 (Flyball, 8RD, EV 107.5 MPH)
|
Batting: SHB Troy Kenyon
|
0-0: Ball 1-0: Ball 2-0: Ball 3-0: Called Strike 3-1: Foul Ball, location: 2F 3-2: Foul Ball, location: 2F 3-2: Ground out 6-3 (Groundball, 4MD, EV 88.8 MPH)
|
Bottom of the 6th over - 0 runs, 0 hits, 0 errors, 0 left on base; Pawtucket 5 - Fresno 0 |
TOP OF THE 7TH |
Pawtucket Red Sox batting - Pitching for Fresno Grizzlies : RHP Jayson Campbell
|
Batting: SHB Ben Ervin
|
0-0: Ball 1-0: Ball 2-0: TRIPLE (Flyball, 9LD, EV 105.6 MPH)
|
Batting: RHB Ernie Genier
|
0-0: Foul Ball, location: 2F 0-1: Foul Ball, location: 2F 0-2: Foul Ball, location: 2F 0-2: Ball 1-2: Fly out, F6 (Line Drive, 6M, EV 71.9 MPH)
|
Pitching: LHP Curt Joseph
|
|
Batting: RHB John Chiesa
|
0-0: Called Strike 0-1: Called Strike 0-2: Ball 1-2: Ball 2-2: Strikes out swinging
|
Batting: RHB Joe Sandoval
|
0-0: Ball 1-0: Foul Ball, location: 2F 1-1: Foul Ball, location: 2F 1-2: Ball 2-2: Ball 3-2: Strikes out swinging
|
Top of the 7th over - 0 runs, 1 hit, 0 errors, 1 left on base; Pawtucket 5 - Fresno 0 |
BOTTOM OF THE 7TH |
Fresno Grizzlies batting - Pitching for Pawtucket Red Sox : RHP Mike Schroeder
|
Batting: RHB Marty King
|
0-0: Called Strike 0-1: Foul Ball, location: 2F 0-2: Ball 1-2: Fly out, F9 (Flyball, 9, EV 81.2 MPH)
|
Batting: RHB Dale Young
|
0-0: Ball 1-0: Foul Ball, location: 2F 1-1: Ground out 4-3 (Groundball, 4, EV 76.2 MPH)
|
Batting: RHB Xavier Castaneda
|
0-0: Foul Ball, location: 2F 0-1: Ball 1-1: Swinging Strike 1-2: Ball 2-2: Foul Ball, location: 2F 2-2: Hit by Pitch
|
Batting: SHB Bryan Johnston
|
Pickoff Throw to First - Error! E1 Xavier Castaneda to second 0-0: Ball 1-0: Ball 2-0: Foul Ball, location: 2F 2-1: Ball 3-1: Base on Balls
|
Pitching: RHP Jose Escobar
|
|
Batting: LHB Mark Dearth
|
0-0: Ball 1-0: Ground out 5-3 (Groundball, 56S, EV 86.2 MPH)
|
Bottom of the 7th over - 0 runs, 0 hits, 1 error, 2 left on base; Pawtucket 5 - Fresno 0 |
TOP OF THE 8TH |
Pawtucket Red Sox batting - Pitching for Fresno Grizzlies : LHP Curt Joseph
|
Batting: RHB Neil Mautone
|
0-0: Called Strike 0-1: Ball 1-1: Swinging Strike 1-2: Foul Ball, location: 2F 1-2: Ball 2-2: Strikes out swinging
|
Batting: RHB Andy Garvin
|
0-0: Called Strike 0-1: Ball 1-1: Foul Ball, location: 2F 1-2: Ground out 4-3 (Groundball, 4M, EV 83.1 MPH)
|
Batting: RHB David Norum
|
0-0: Called Strike 0-1: Fly out, F9 (Flyball, 89S, EV 84.4 MPH)
|
Top of the 8th over - 0 runs, 0 hits, 0 errors, 0 left on base; Pawtucket 5 - Fresno 0 |
BOTTOM OF THE 8TH |
Fresno Grizzlies batting - Pitching for Pawtucket Red Sox : RHP Jose Escobar
|
Batting: RHB Elijah Hunter
|
0-0: Ball 1-0: Ball 2-0: Called Strike 2-1: Reached on error, E6 (Groundball, 6, EV 87.5 MPH)
|
Batting: LHB Angelo Vasquez
|
0-0: Ball 1-0: Called Strike 1-1: Ball 2-1: Foul Ball, location: 2F 2-2: Ball 3-2: Foul Ball, location: 2F 3-2: Foul Ball, location: 2F 3-2: Strikes out looking
|
Batting: SHB Paskar Adegoke
|
0-0: Called Strike 0-1: Ball 1-1: SINGLE (Groundball, 6D, EV 96.9 MPH) Elijah Hunter to third Runner from 3rd tries for Home, SAFE, throw by CF to home
|
Batting: SHB Troy Kenyon
|
0-0: Fly out, F8 (Line Drive, 8LD, EV 103.8 MPH)
|
Batting: RHB Marty King
|
0-0: Ball 1-0: Ball 2-0: Called Strike 2-1: Ball 3-1: Base on Balls Paskar Adegoke to second
|
Batting: RHB Dale Young
|
0-0: Foul Ball, location: 2F 0-1: Ball 1-1: Ball 2-1: Foul Ball, location: 2F 2-2: Ball 3-2: Foul Ball, location: 2F 3-2: 3-RUN HOME RUN (Flyball, 78XD, EV 106.9 MPH), Distance : 385 ft
|
Pitching: LHP John Hotham
|
|
Batting: RHB Xavier Castaneda
|
0-0: Ground out 5-3 (Groundball, 56, EV 92.5 MPH)
|
Bottom of the 8th over - 4 runs, 2 hits, 1 error, 0 left on base; Pawtucket 5 - Fresno 4 |
TOP OF THE 9TH |
Pawtucket Red Sox batting - Pitching for Fresno Grizzlies : LHP Curt Joseph
|
Pitching: RHP Jordan Tejeda
|
|
Batting: RHB Sal Rivera
|
0-0: Ball 1-0: Called Strike 1-1: Ball 2-1: Fly out, F7 (Flyball, 78S, EV 78.8 MPH)
|
Batting: RHB Brandon Perris
|
0-0: Called Strike 0-1: Swinging Strike 0-2: Strikes out looking and he ARGUES THE CALL AND IS TOSSED!
|
Batting: SHB Ben Ervin
|
0-0: Foul Ball, location: 2F 0-1: Ball 1-1: Ball 2-1: Ground out U3 (Groundball, 3, EV 84.4 MPH)
|
Top of the 9th over - 0 runs, 0 hits, 0 errors, 0 left on base; Pawtucket 5 - Fresno 4 |
BOTTOM OF THE 9TH |
Fresno Grizzlies batting - Pitching for Pawtucket Red Sox : LHP John Hotham
|
Pitching: RHP Jim Whiteman
|
|
Now at 3B: David Norum
|
|
Now at SS: Willie Koviak
|
|
Batting: SHB Bryan Johnston
|
0-0: Swinging Strike 0-1: Ground out 4-3 (Groundball, 4, EV 104.4 MPH)
|
Batting: LHB Mark Dearth
|
0-0: Fly out, F7 (Flyball, 7, EV 82.5 MPH)
|
Batting: RHB Elijah Hunter
|
0-0: Ball 1-0: SINGLE (Groundball, 56S, EV 74.4 MPH) (infield hit)
|
Batting: LHB Angelo Vasquez
|
0-0: Swinging Strike 0-1: Swinging Strike 0-2: Strikes out swinging
|
Bottom of the 9th over - 0 runs, 1 hit, 0 errors, 1 left on base; Pawtucket 5 - Fresno 4 |
|